 Dungeon Crawl Stone Soup version 0.23.2-40-g277498a (webtiles) character file.

Game seed: 3027101508790778352

44 CrazyJ the Caller (level 3, 26/26 HPs)
             Began as a Formicid Summoner on Sept 20, 2019.
             Got out of the dungeon alive.
             The game lasted 00:07:41 (1806 turns).

CrazyJ the Caller (Formicid Summoner)               Turns: 1806, Time: 00:07:41

Health: 26/26      AC:  2    Str: 12    XL:     3   Next: 85%
Magic:  6/6        EV: 12    Int: 15    God:
Gold:   65         SH:  0    Dex: 11    Spells: 1/7 levels left

rFire    . . .     SeeInvis +   g - +0 short sword
rCold    . . .     Gourm    .   (no shield)
rNeg     . . .     Faith    .   a - +0 robe
rPois    .         Spirit   .   (helmet unavailable)
rElec    .         Reflect  .   (no cloak)
rCorr    .         Harm     .   (no gloves)
MR       .....                  (no boots)
Stlth    ++........             (no amulet)
HPRegen  0.08/turn              (no ring)
MPRegen  0.10/turn              (no ring)

@: no status effects
A: permanent stasis, dig shafts and tunnels, four strong arms, antennae 3
a: Dig, Shaft Self


You escaped.
You were not hungry.

You visited 1 branch of the dungeon, and saw 2 of its levels.

You collected 65 gold pieces.

Inventory:

Hand Weapons
 g - a +0 short sword (weapon)
 l - a +0 hunting sling
Armour
 a - a +0 robe (worn)
Scrolls
 b - a scroll of amnesia {unknown}
 e - 3 scrolls of identify {unknown}
 h - 2 scrolls of teleportation {unknown}
 j - 4 scrolls of remove curse {unknown}
Comestibles
 c - 3 rations


   Skills:
 + Level 1.1 Fighting
 + Level 1.0 Armour
 + Level 2.1 Dodging
 - Level 2.4 Stealth
 + Level 2.6 Spellcasting
 * Level 4.4 Summonings


You had one spell level left.
You knew the following spells:

 Your Spells              Type           Power        Failure   Level  Hunger
a - Summon Small Mammal   Summ           ###.         3%          1    #......
b - Call Imp              Summ           ###.....     4%          2    ###....
c - Call Canine Familiar  Summ           ###.....     10%         3    ###....

Your spell library contained the following spells:

 Spells                   Type           Power        Failure   Level  Hunger
 Summon Guardian Golem    Hex/Summ       #.......     26%         3    ###....
 Summon Ice Beast         Ice/Summ       #.......     63%         4    #####..
 Summon Lightning Spire   Summ/Air       #.......     63%         4    #####..


Dungeon Overview and Level Annotations

Branches:
Dungeon (2/15)

Altars:
Hepliaklqana
Wu Jian


Innate Abilities, Weirdness & Mutations

You cannot be hasted, slowed, berserked, paralysed or teleported.
You can dig through walls and to a lower floor.
Your four strong arms can wield two-handed weapons with a shield.
You have a pair of large antennae on your head. (SInv)


Message History

Found a stone staircase leading down.
A goblin comes into view.
There is a stone staircase leading down here.
The goblin shouts!
The goblin hits you but does no damage.
You hit the goblin.
You kill the goblin!
Found an escape hatch in the ceiling.
Found a hazy altar of Hepliaklqana.
There is an escape hatch in the ceiling here.
Found an ornate altar of the Wu Jian Council.
Save game and exit?
Welcome back, CrazyJ the Formicid Summoner.
Press ? for a list of commands and other information.
There is an escape hatch in the ceiling here.
A mysterious force pulls you upwards. The hatch slams shut behind you.
There is a staircase leading out of the dungeon here.
You can't go down here!
Are you sure you want to leave the Dungeon?
This will make you lose the game!
You have escaped!

#...........# #.....# #.
#...........# #.###.# #.
##..........# #...#.# #.
#..######### ##....#####.
##.# #########...........
#.# #≈≈≈≈≈≈≈≈...........
#.# ####≈≈≈≈≈≈≈........#
#.#####.......≈≈≈≈..≈≈≈≈≈#
#.##≈≈...@.......≈≈≈≈≈≈≈≈#
#.#≈≈≈≈...........≈≈≈≈...#
#.#≈≈≈≈≈≈.................
#.#≈≈≈≈≈≈≈≈≈≈≈≈≈≈≈........
#.#.≈≈≈≈≈≈≈≈≈≈≈≈≈≈≈≈......
#.#.(.(..≈≈≈≈≈≈≈≈≈≈≈≈≈≈≈.#
#.#.(............≈≈≈≈≈≈≈≈#
#.#>......$............≈≈#
#.########################


There were no monsters in sight!

Vanquished Creatures
  2 adders (D:2)
  A dart slug (D:1)
  3 leopard geckos
  3 goblins
  A hobgoblin (D:1)
  2 kobolds
  2 bats (D:1)
  2 frilled lizards (D:1)
  4 rats (D:1)
20 creatures vanquished.

Vanquished Creatures (collateral kills)
  A dart slug (D:1)
  A leopard gecko (D:1)
  2 goblins (D:1)
  3 hobgoblins
  A ball python (D:1)
  3 frilled lizards
  2 rats
13 creatures vanquished.

Grand Total: 33 creatures vanquished

Notes
Turn   | Place    | Note
-------+----------+-------------------------------------------
     0 | D:1      | CrazyJ the Formicid Summoner began the quest for the Orb.
     0 | D:1      | Reached XP level 1. HP: 13/13 MP: 3/3
   267 | D:1      | Reached XP level 2. HP: 4/20 MP: 3/5
   859 | D:1      | Reached XP level 3. HP: 25/25 MP: 6/6
   867 | D:1      | Learned a level 2 spell: Call Imp
   871 | D:1      | Learned a level 3 spell: Call Canine Familiar
  1391 | D:2      | HP: 1/37 [adder (1)]
  1397 | D:2      | Reached skill level 1 in Fighting
  1398 | D:2      | Reached skill level 1 in Armour
  1747 | D:2      | Found a hazy altar of Hepliaklqana.
  1750 | D:2      | Found an ornate altar of the Wu Jian Council.
  1806 | D:$      | Got out of the dungeon alive.

Skill      XL: |  1  2  3 |
---------------+----------+-----
Dodging        | 2 |  2.1
Fighting       | 1 |  1.1
Armour         | 1 |  1.0
Stealth        | |  2.4
Spellcasting   | |  2.6
Summonings     | |  4.4

Action                   || total
-------------------------++-------
Melee: Unarmed           ||    26
       Short sword       ||    61
 Cast: Summon Small Mamm ||     8
       Call Canine Famil ||     3
       Call Imp          ||     1
  Use: Potion            ||     3
 Stab: Sleeping          ||     4
       Distracted        ||     1
  Eat: Chunk             ||     3
Armor: Robe              ||    15
       Skin              ||    36
Dodge: Dodged            ||    87
